 Dungeon Crawl Stone Soup version 0.27.1-34-g3ba077fa99 (webtiles) character file.

Game seed: 70540578589448908

2195 iwittbrodt the Magician (level 9, 0/69 HPs)
             Began as a Gnoll Warper on Jan 16, 2022.
             Was a Follower of Makhleb.
             Succumbed to a kobold brigand's poison
             ... on level 6 of the Dungeon.
             The game lasted 01:00:56 (10541 turns).

iwittbrodt the Magician (Gnoll Warper)             Turns: 10541, Time: 01:00:56

Health: 0/69       AC: 12    Str: 13    XL:     9   Next: 34%
Magic:  18/18      EV:  6    Int: 14    God:    Makhleb [*.....]
Gold:   478        SH:  9    Dex: 15    Spells: 16/21 levels left

rFire    . . .     SeeInvis .   b - +10 mace of Zopos {vorpal, rElec Will- Dex+4 Stlth+}
rCold    . . .     Faith    .   v - +0 kite shield
rNeg     . . .     Spirit   .   l - +0 chain mail
rPois    .         Reflect  .   o - +0 helmet
rElec    +         Harm     .   i - +0 cloak
rCorr    .         Rampage  .   (no gloves)
Will     .....                  (no boots)
Stlth    +.........             C - amulet of regeneration
HPRegen  1.21/turn              (no ring)
MPRegen  0.16/turn              (no ring)

@: lethally poisoned (0 -> -3)
A: fangs 1, strong nose, distributed training
a: Renounce Religion


You were on level 6 of the Dungeon.
You worshipped Makhleb.
Makhleb was aware of your devotion.
You visited 1 branch of the dungeon, and saw 7 of its levels.
You also visited: Ossuary.

You collected 478 gold pieces.

Inventory:

Hand Weapons
 a - a +2 hunting sling of flaming
 b - the +10 mace of Zopos (weapon) {vorpal, rElec Will- Dex+4 Stlth+}
   (You found it on level 4 of the Dungeon)

   It inflicts extra damage upon your enemies.
   Dex:       It affects your dexterity (+4).
   rElec:     It insulates you from electricity.
   Will:      It decreases your willpower.
   Stlth:     It makes you more stealthy.
 r - a +0 spear
 y - the +1 dagger of Watchfulness {protect, Str-2 Int+5}
   (You found it on level 4 of the Dungeon)

   It grants its wielder temporary protection when it strikes (+7 to AC).
   Str:       It affects your strength (-2).
   Int:       It affects your intelligence (+5).
Missiles
 d - 4 boomerangs of dispersal (quivered)
 e - 24 sling bullets
 k - 162 stones
Armour
 i - a +0 cloak (worn)
 l - a +0 chain mail (worn)
 o - a +0 helmet (worn)
 v - a +0 kite shield (worn)
 A - a +0 robe
Jewellery
 C - an amulet of regeneration (around neck)
Wands
 q - a wand of mindburst (8)
 u - a wand of iceblast (20)
Scrolls
 g - 4 scrolls of teleportation
 h - a scroll of fog
 p - a scroll of acquirement {unknown}
 t - a scroll of vulnerability
 w - a scroll of identify
 z - a scroll of immolation
Potions
 c - 5 potions of ambrosia
 f - 2 potions of mutation
 j - 2 potions of brilliance {unknown}
 m - a potion of magic {unknown}
 s - a potion of haste {unknown}
 x - 2 potions of attraction {unknown}
 B - a potion of might {unknown}
 D - a potion of cancellation {unknown}


   Skills:
 + Level 6.2 Fighting
 + Level 4.1 Short Blades
 + Level 4.1 Long Blades
 + Level 4.1 Axes
 + Level 4.1 Maces & Flails
 + Level 6.2 Polearms
 + Level 4.1 Staves
 + Level 4.1 Slings
 + Level 4.1 Bows
 + Level 4.1 Crossbows
 + Level 5.0 Throwing
 + Level 5.0 Armour
 + Level 6.2 Dodging
 + Level 4.1 Stealth
 + Level 4.1 Shields
 + Level 4.1 Unarmed Combat
 + Level 6.6 Spellcasting
 + Level 3.4 Conjurations
 + Level 3.4 Hexes
 + Level 3.4 Summonings
 + Level 3.4 Necromancy
 + Level 6.5 Translocations
 + Level 3.4 Transmutations
 + Level 3.4 Fire Magic
 + Level 3.4 Ice Magic
 + Level 3.4 Air Magic
 + Level 3.4 Earth Magic
 + Level 3.4 Poison Magic
 + Level 4.5 Invocations
 + Level 4.1 Evocations


You had 16 spell levels left.
You knew the following spells:

 Your Spells              Type           Power      Damage    Failure   Level
a - Magic Dart            Conj           56%        1d5       98%         1
b - Blink                 Tloc           N/A        N/A       85%         2
c - Searing Ray           Conj           28%        3d4       99%         2

Your spell library contained the following spells:

 Spells                   Type           Power      Damage    Failure   Level
 Gell's Gravitas          Tloc           11%        N/A       97%         3
 Lesser Beckoning         Tloc           11%        N/A       97%         3
 Teleport Other           Tloc           22%        N/A       97%         3
 Passwall                 Tmut/Erth      11%        N/A       99%         2
 Static Discharge         Conj/Air       14%        N/A       99%         2
 Swiftness                Air            14%        N/A       100%        3
 Fulminant Prism          Conj/Hex       7%         3d7       100%        4
 Lightning Bolt           Conj/Air       7%         1d19      100%        5
 Manifold Assault         Tloc           22%        N/A       100%        5
 Invisibility             Hex            7%         N/A       100%        6
 Maxwell's Capacitive Co  Air            7%         ∞         100%        8


Dungeon Overview and Level Annotations

Branches:
Dungeon (7/15)             Temple (0/1) D:7         Ossuary (visited)

Altars:
Dithmenos
Kikubaaqudgha
Makhleb
Nemelex Xobeh
Ru
Trog
Wu Jian
Zin

Annotations:
D:4 Eustachio


Innate Abilities, Weirdness & Mutations

You have very sharp teeth.
Your uncanny sense of smell can sniff out nearby items.
Your experience applies equally to all skills.


Message History

You feel sick.
You feel sick.
The kobold brigand throws a poisoned dart.
The poisoned dart hits you!
You are more poisoned.
You feel very sick.
The kobold brigand throws a poisoned dart.
The poisoned dart hits you!
You are more poisoned.
Things that are here:
a +0 leather armour; a +0 dagger You feel very sick.
You feel very sick.
The kobold brigand zaps a wand.
You resist with significant effort.
You feel very sick.
You feel sick.
The kobold brigand zaps a wand.
You suddenly lose the ability to move!
You feel sick.
The kobold brigand throws a poisoned dart.
The poisoned dart hits you!
You are more poisoned.
You feel very sick. x2
The kobold brigand throws a poisoned dart.
The poisoned dart hits you!
You are more poisoned.
You feel very sick.
The kobold brigand throws a poisoned dart.
The poisoned dart hits you!
You are lethally poisoned!
* * * LOW HITPOINT WARNING * * *
You feel very sick.
You can move again.
Unknown command.
Unknown command.
* * * LOW HITPOINT WARNING * * *
You feel very sick.
The kobold brigand zaps a wand.
You shrug off the repeated paralysis!
* * * LOW HITPOINT WARNING * * *
You feel very sick.
You die...

.# #.######..# .# #.# #..# ∆
.####.## #..# ....[..# #..# ∆
.......#####..# .........†....#
############# #####).####...#
#...........#
#####..##.....######.#########.#
....)..##.#.....@....K.Y...# #.#
######.##.#.########.#####)# #.#
#..##.#.# #.# #># #.# #.###.#.#
#.# #.# #.# #.# #.#.#
#.#####.###.# #####.# #.#.#
#..)........# #.....# #...#
#######.##### #.##### #...# #.#
#.# #...#### #.#


You could see a sky beast and a kobold brigand.

Vanquished Creatures
  2 water moccasins (D:6)
  An orc warrior (D:6)
  An ice beast (D:7)
  3 necrophages
  2 ogres
  A phantom (D:4)
  A kobold brigand (D:7)
  An elf zombie (Ossuary)
  A bullfrog (D:6)
  A scorpion (D:4)
  2 water moccasin skeletons
  A killer bee (D:6)
  A howler monkey (D:6)
  A crimson imp (D:5)
  A centaur zombie (D:5)
  2 hounds
  4 jellies
  5 bullfrog skeletons
  A human zombie (Ossuary)
  A centaur skeleton (D:4)
  Terence (D:3)
  2 iguanas (D:6)
  An orc wizard (D:4)
  4 hound skeletons
  2 mummies (Ossuary)
  Robin (D:2)
  A howler monkey skeleton (D:6)
  4 gnolls (D:4)
  3 adders
  2 shadow imps
  4 adder zombies (Ossuary)
  2 adder skeletons (D:4)
  2 worms
  2 dart slugs
  5 orcs
  7 endoplasms
  A giant cockroach (D:2)
  9 goblins
  9 hobgoblins
  11 kobolds
  7 quokkas
  7 ball pythons
  3 bats
  10 frilled lizards
  6 hobgoblin zombies (Ossuary)
  A jackal zombie (Ossuary)
  8 kobold zombies (Ossuary)
  14 orc zombies (Ossuary)
  9 rats
  A rat zombie (Ossuary)
172 creatures vanquished.

Vanquished Creatures (others)
  8 fungi (D:5)
  7 plants (D:6)
  3 toadstools (D:5)
18 creatures vanquished.

Grand Total: 190 creatures vanquished

Notes
Turn   | Place    | Note
-------+----------+-------------------------------------------
     0 | D:1      | iwittbrodt the Gnoll Warper began the quest for the Orb.
     0 | D:1      | Reached XP level 1. HP: 20/20 MP: 6/6
    76 | D:1      | Learned a level 1 spell: Magic Dart
   380 | D:1      | Reached XP level 2. HP: 17/26 MP: 7/7
  1354 | D:2      | Found a faded altar of an unknown god.
  1436 | D:2      | Reached skill level 5 in Spellcasting
  1436 | D:2      | Reached XP level 3. HP: 27/31 MP: 7/9
  1787 | D:2      | Reached skill level 1 in Invocations
  2033 | D:2      | Reached skill level 1 in Short Blades
  2033 | D:2      | Reached skill level 1 in Long Blades
  2033 | D:2      | Reached skill level 1 in Axes
  2033 | D:2      | Reached skill level 1 in Maces & Flails
  2033 | D:2      | Reached skill level 1 in Staves
  2033 | D:2      | Reached skill level 1 in Slings
  2033 | D:2      | Reached skill level 1 in Bows
  2033 | D:2      | Reached skill level 1 in Crossbows
  2033 | D:2      | Reached skill level 1 in Stealth
  2033 | D:2      | Reached skill level 1 in Shields
  2033 | D:2      | Reached skill level 1 in Unarmed Combat
  2033 | D:2      | Reached skill level 1 in Evocations
  2082 | D:2      | Reached XP level 4. HP: 38/38 MP: 7/11
  2198 | D:3      | Noticed Terence
  2415 | D:3      | Noticed Robin
  2479 | D:3      | Found a shadowy altar of Dithmenos.
  2479 | D:3      | Found an ornate altar of the Wu Jian Council.
  2479 | D:3      | Found a glowing silver altar of Zin.
  2482 | D:3      | Found a sparkling altar of Nemelex Xobeh.
  2703 | D:3      | Killed Terence
  2704 | D:3      | Reached skill level 1 in Conjurations
  2704 | D:3      | Reached skill level 1 in Hexes
  2704 | D:3      | Reached skill level 1 in Summonings
  2704 | D:3      | Reached skill level 1 in Necromancy
  2704 | D:3      | Reached skill level 1 in Transmutations
  2704 | D:3      | Reached skill level 1 in Fire Magic
  2704 | D:3      | Reached skill level 1 in Ice Magic
  2704 | D:3      | Reached skill level 1 in Air Magic
  2704 | D:3      | Reached skill level 1 in Earth Magic
  2704 | D:3      | Reached skill level 1 in Poison Magic
  3256 | D:2      | Killed Robin
  3257 | D:2      | Reached XP level 5. HP: 39/43 MP: 12/12
  3676 | D:4      | Noticed a necrophage
  3722 | D:4      | Noticed a necrophage
  3814 | D:4      | Found a sand-covered staircase.
  3818 | Ossuary  | Entered an ossuary
  4295 | Ossuary  | Learned a level 2 spell: Blink
  4298 | Ossuary  | Learned a level 2 spell: Searing Ray
  4750 | Ossuary  | Reached XP level 6. HP: 50/50 MP: 3/13
  4808 | Ossuary  | Reached skill level 5 in Fighting
  4808 | Ossuary  | Reached skill level 5 in Polearms
  4808 | Ossuary  | Reached skill level 5 in Dodging
  5264 | D:4      | Found an ancient bone altar of Kikubaaqudgha.
  5908 | D:4      | Reached XP level 7. HP: 39/56 MP: 15/15
  6062 | D:4      | Found a sacrificial altar of Ru.
  6233 | D:4      | Noticed a moth of wrath
  6240 | D:4      | Found a bloodstained altar of Trog.
  6335 | D:4      | Identified the +1 dagger of Watchfulness {protect, Str-2
                  | Int+5}
  6337 | D:4      | Identified the +10 mace of Zopos {vorpal, rElec Will- Dex+4
                  | Stlth+}
  6774 | D:5      | Entered Level 5 of the Dungeon
  6900 | D:5      | Noticed Eustachio
  7317 | D:5      | Found a burning altar of Makhleb.
  7337 | D:5      | Became a worshipper of Makhleb the Destroyer
  7746 | D:5      | Reached XP level 8. HP: 62/63 MP: 16/16
  8000 | D:6      | Noticed a yak
  8000 | D:6      | Noticed a yak
  8001 | D:6      | Noticed a yak
  8001 | D:6      | Noticed a yak
  8001 | D:6      | Noticed a yak
  9501 | D:6      | Reached XP level 9. HP: 56/69 MP: 18/18
  9725 | D:6      | Reached * piety under Makhleb
  9949 | D:7      | Found a staircase to the Ecumenical Temple.
 10470 | D:6      | Reached skill level 5 in Throwing
 10470 | D:6      | Reached skill level 5 in Armour
 10516 | D:7      | Paralysed by a kobold brigand for 6 turns
 10533 | D:6      | Paralysed by a kobold brigand for 6 turns
 10539 | D:6      | HP: 3/69 [poisoned by a kobold brigand]
 10541 | D:6      | Succumbed to a kobold brigand's poison

Illustrated notes

Levels and vault maps discovered:
D:1:      tarquinn_simple_flora_water_c, layout_basic, minmay_misc_feat_alley
D:2:      layout_basic, hellmonk_ecumenical_altar_blasted,
          kennysheep_generic_room_13
D:3:      layout_rooms, minitemple, uniq_robin, uniq_terence
D:4:      wad_pebble_path, layout_cave_pools,
          nicolae_ru_great_annihilating_truth,
          nicolae_kikubaaqudgha_miasma_corner, tgw_trog, enter_ossuary_5,
          serial_glass, glass_columns_a, glass_columns_a, glass_columns_c,
          glass_columns_b, glass_columns_c
D:5:      layout_loops_ring, makhleb_grotto_becter, minmay_gold_behind_fungi,
          uniq_eustachio
D:6:      layout_loops_ring, gup_sewer_entry_bowl, minmay_lizard_king,
          uniq_menkaure
D:7:      layout_rooms, minmay_temple_entry_stoned_glass, minmay_misc_feat_room,
          uniq_pikel

Skill      XL: |  1  2  3  4  5  6  7  8  9 |
---------------+----------------------------+-----
Spellcasting   | 5 6 |  6.6
Invocations    | 1 2 3 4 |  4.5
Short Blades   | 1 2 3 4 |  4.1
Long Blades    | 1 2 3 4 |  4.1
Axes           | 1 2 3 4 |  4.1
Maces & Flails | 1 2 3 4 |  4.1
Staves         | 1 2 3 4 |  4.1
Slings         | 1 2 3 4 |  4.1
Bows           | 1 2 3 4 |  4.1
Crossbows      | 1 2 3 4 |  4.1
Stealth        | 1 2 3 4 |  4.1
Shields        | 1 2 3 4 |  4.1
Unarmed Combat | 1 2 3 4 |  4.1
Evocations     | 1 2 3 4 |  4.1
Conjurations   | 1 2 3 |  3.4
Hexes          | 1 2 3 |  3.4
Summonings     | 1 2 3 |  3.4
Necromancy     | 1 2 3 |  3.4
Transmutations | 1 2 3 |  3.4
Fire Magic     | 1 2 3 |  3.4
Ice Magic      | 1 2 3 |  3.4
Air Magic      | 1 2 3 |  3.4
Earth Magic    | 1 2 3 |  3.4
Poison Magic   | 1 2 3 |  3.4
Throwing       | 3 4 5 |  5.0
Armour         | 3 4 5 |  5.0
Fighting       | 5 6 |  6.2
Polearms       | 5 6 |  6.2
Dodging        | 5 6 |  6.2
Translocations | 6 |  6.5

Action                   |  1- 3 |  4- 6 |  7- 9 || total
-------------------------+-------+-------+-------++-------
Melee: Spear             |    85 |    38 |       ||   123
       Bite              |     7 |     3 |    14 ||    24
       Mace              |       |       |   164 ||   164
 Fire: Hunting sling     |       |   211 |    54 ||   265
Throw: Boomerang         |       |       |     1 ||     1
 Cast: Magic Dart        |    29 |    25 |       ||    54
       Searing Ray       |       |    20 |       ||    20
       Blink             |       |     5 |       ||     5
Evoke: Wand              |       |       |     2 ||     2
  Use: Scroll            |       |     7 |     7 ||    14
 Stab: Sleeping          |     1 |     1 |       ||     2
Armor: Leather armour    |     3 |       |       ||     3
       Robe              |     7 |    42 |     5 ||    54
       Chain mail        |       |       |   130 ||   130
Dodge: Dodged            |    45 |    97 |    65 ||   207
Block: Kite shield       |       |     9 |   112 ||   121
